 Dungeon Crawl Stone Soup version 0.28-a0-1212-gc6b4282bc0 (webtiles) character file.

Game seed: 17522351804300648394

18 ChaosChampion the Insei (level 2, -1/18 HPs)
             Began as an Octopode Transmuter on Dec 21, 2021.
             Slain by a jackal (2 damage)
             ... on level 1 of the Dungeon.
             The game lasted 00:00:33 (631 turns).

ChaosChampion the Insei (Octopode Transmuter)        Turns: 631, Time: 00:00:34

Health: -1/18      AC:  1    Str:  9    XL:     2   Next: 70%
Magic:  5/5        EV: 13    Int: 15    God:
Gold:   0          SH:  0    Dex: 12    Spells: 4/5 levels left

rFire   . . .      SeeInvis .     - Unarmed
rCold   . . .      Faith    .   (no shield)
rNeg    . . .      Spirit   .   (helmet currently unavailable)
rPois   .          Reflect  .   (no amulet)
rElec   .          Harm     .   (no ring)
rCorr   .          Rampage  .   (no ring)
Will    .....                   (no ring)
Stlth   ++........              (no ring)
HPRegen 0.06/turn               (no ring)
MPRegen 0.09/turn               (no ring)
                                (no ring)
                                (no ring)

@: appendages
A: tentacle spike 3, almost no armour, amphibious, 8 rings, camouflage 1,
gelatinous body 1, (nimble swimmer 1), tentacles
a: End Transformation


You were on level 1 of the Dungeon.
One of your tentacles had grown a beastly spike.
You visited 1 branch of the dungeon, and saw 1 of its levels.

Inventory:

Scrolls
 c - a scroll of vulnerability {unknown}
Potions
 a - a potion of resistance {unknown}
 b - a potion of curing {unknown}


   Skills:
 - Level 1.0 Fighting
 - Level 2.0 Dodging
 * Level 3.6 Unarmed Combat
 - Level 2.0 Spellcasting
 + Level 2.4 Transmutations


You had 4 spell levels left.
You knew the following spells:

 Your Spells              Type           Power      Damage    Failure   Level
a - Beastly Appendage     Tmut           16%        N/A       9%          1

Your spell library contained the following spells:

 Spells                   Type           Power      Damage    Failure   Level
 Wereblood                Tmut           8%         N/A       13%         2
 Spider Form              Tmut/Pois      5%         N/A       38%         3
 Gell's Gravitas          Tloc           1%         N/A       54%         3
 Teleport Other           Tloc           1%         N/A       54%         3
 Ice Form                 Ice/Tmut       5%         N/A       80%         4
 Dispersal                Tloc           0%         N/A       100%        6


Dungeon Overview and Level Annotations

Branches:
Dungeon (1/15)

Altars:


Innate Abilities, Weirdness & Mutations

One of your tentacles has grown a beastly spike.
You cannot wear most types of armour.
You are amphibious.
You can wear up to eight rings at the same time.
Your skin changes colour to match your surroundings (Stealth+).
Your rubbery body absorbs attacks. (AC +1, EV +1)
((You are camouflaged when in or above water. (Stealth+)))
You have tentacles for arms and can constrict up to eight enemies at once.


Message History

You tentacle-slap the endoplasm.
You kill the endoplasm!
No target in view!
Your transformation is almost over.
Your tentacle spike disappears.
A jackal comes into view.
Found a scroll labelled CENAEQ ANO GYA.
Found a faded altar of an unknown god.
Casting: Beastly Appendage (safe; 9% risk of failure)
Confirm with . or Enter, or press ? or * to list all spells.
One of your tentacles grows a vicious spike.
A jackal is nearby!
A jackal comes into view.
A jackal comes into view.
The jackal barks! x3
A jackal comes into view.
The jackal barks!
You closely miss the jackal. Your grab misses the jackal.
Your squeeze misses the jackal. The jackal bites you.
The jackal barely misses you. The jackal bites you.
You closely miss the jackal. You grab the jackal.
You pierce the jackal.
You kill the jackal!
The jackal bites you. The jackal closely misses you. The jackal bites you.
You tentacle-slap the jackal. You grab the jackal.
The jackal is severely wounded.
You constrict the jackal. The jackal bites you. x2
The jackal completely misses you. The jackal bites you.
* * * LOW HITPOINT WARNING * * *
You are too injured to fight recklessly!
You are too injured to fight recklessly!
You are too injured to fight recklessly!
You are too injured to fight recklessly!
You are too injured to fight recklessly!
You are too injured to fight recklessly!
There are monsters nearby!
There are monsters nearby!
You are too injured to fight recklessly!
You release your grip on the jackal.
The jackal bites you.
* * * LOW HITPOINT WARNING * * *
The jackal bites you.
You die...

###.....##.##...
#
#.......##.##...
#. #+#
###..#)....##...
#.##.#
#..##.#####...
#..#.### #......#
#### ###......#
#..###.#
.....#.#.# #..#
#.#
........hh####..#
#.#
#.##.....h@.....#
#.#
##?#....###..#
#.. #.#....# #..#
#.. ........ ...#
#..
.......####..#
###.....# #..#
...._..# #.##
###?.#.# #.#


You could see 3 jackals.

Vanquished Creatures
  A dart slug (D:1)
  3 bats (D:1)
  2 endoplasms (D:1)
  4 hobgoblins (D:1)
  A jackal (D:1)
  A ball python (D:1)
  A kobold (D:1)
  A rat (D:1)
14 creatures vanquished.

Notes
Turn   | Place    | Note
-------+----------+-------------------------------------------
     0 | D:1      | ChaosChampion the Octopode Transmuter began the quest for
                  | the Orb.
     0 | D:1      | Reached XP level 1. HP: 13/13 MP: 3/3
   101 | D:1      | Reached XP level 2. HP: 11/18 MP: 3/5
   620 | D:1      | Found a faded altar of an unknown god.
   631 | D:1      | Slain by a jackal

Illustrated notes

Levels and vault maps discovered:
D:1:      tarquinn_simple_flora_water_f, layout_basic, basic_ecumenical_altar,
          chequers_jeans, minmay_ruptured

Action                   || total
-------------------------++-------
Melee: Unarmed           ||    32
       Constrict         ||    13
       Kick              ||    11
       Tentacles         ||     2
 Cast: Beastly Appendage ||    10
 Stab: Sleeping          ||     3
Armor: Skin              ||     1
Dodge: Dodged            ||    18

Table legend: (Time is in decaauts)
 A = Elapsed time spent in this place.
 B = Non-inter-level travel time spent in this place.
 C = Inter-level travel time spent in this place.
 D = Time resting spent in this place.
 E = Time spent auto-exploring this place.
 F = Levels seen in this place.
 G = Mean time per level.
                   A        B        C        D        E       F      G
               +--------+--------+--------+--------+--------+-----+--------+
         Total |    629 |    629 |      0 |      0 |    541 |   1 |  629.0 |
       Dungeon |    629 |    629 |      0 |      0 |    541 |   1 |  629.0 |
               +--------+--------+--------+--------+--------+-----+--------+

Top non-repeatable levels by time:
     D:1: 629 daAuts
